 Dungeon Crawl Stone Soup version 0.30-a0-595-g91969c0fa5 (webtiles) character file.

Game seed: 11320330515693594915

1121 Leeroy the Martial Artist (level 8, -2/88 HPs)
             Began as a Merfolk Transmuter on Jan 6, 2023.
             Slain by an iguana (6 damage)
             ... on level 6 of the Dungeon.
             The game lasted 00:10:51 (4231 turns).

Leeroy the Martial Artist (Merfolk Transmuter)      Turns: 4231, Time: 00:10:52

Health: -2/88      AC: 24    Str: 13 (14) XL:     8   Next: 34%
Magic:  9/11       EV:  2    Int: 11 (13) God:
Gold:   260        SH:  0    Dex: 11 (14) Spells: 1/11 levels left

rFire   + . .      SeeInvis .      - Unarmed
rCold   x . .      Faith    .    (no shield)
rNeg    . . .      Spirit   .    (body armour currently unavailable)
rPois   +          Reflect  .    (helmet currently unavailable)
rElec   .          Harm     .    (cloak currently unavailable)
rCorr   .          Rampage  .    (gloves currently unavailable)
Will    .....      NoTele   +    (boots currently unavailable)
Stlth   +                        (no amulet)
HPRegen 0.34/turn                h - ring of fire
MPRegen 0.12/turn                (no ring)

@: tree-form
A: stationary, stasis, torment immunity, boosted hp, (nimble swimmer 2),
(mertail), mutation resistance 1, robust 1, strong 1
a: no special abilities


You were on level 6 of the Dungeon.
You were a tree.
You visited 1 branch of the dungeon, and saw 5 of its levels.

You collected 260 gold pieces.

Inventory:

Hand Weapons
 n - a +1 dagger of venom
Armour
 a - a +0 robe
 q - a +2 robe of cold resistance (melded)
Jewellery
 h - a ring of fire (left branch)
Scrolls
 c - 3 scrolls of blinking {unknown}
 d - 6 scrolls of identify {unknown}
 e - 6 scrolls of teleportation {unknown}
 g - a scroll of fog {unknown}
 j - a scroll of immolation {unknown}
 l - 2 scrolls of poison {unknown}
 m - 3 scrolls of magic mapping {unknown}
 p - a scroll of fear {unknown}
Potions
 b - a potion of lignification
 f - a potion of degeneration
 i - a potion of resistance {unknown}
 k - a potion of berserk rage


   Skills:
 - Level 1.1 Fighting
 * Level 5.1 Dodging
 + Level 9.8 Unarmed Combat
 - Level 2.0 Spellcasting
 - Level 4.6 Transmutations
 - Level 1.0 Ice Magic


You had one spell level left.
You knew the following spells:

 Your Spells              Type           Power      Damage    Failure   Level
a - Beastly Appendage     Tmut           22%        N/A       4%          1
b - Spider Form           Tmut/Pois      6%         N/A       32%         3
c - Ice Form              Ice/Tmut       7%         N/A       65%         4
d - Wereblood             Tmut           11%        N/A       6%          2

Your spell library contained the following spells:

 Spells                   Type           Power      Damage    Failure   Level
 Magic Dart               Conj           4%         1d3       28%         1
 Slow                     Hex            4%         N/A       28%         1
 Searing Ray              Conj           2%         2d4       41%         2
 Confusing Touch          Hex            1%         N/A       65%         3
 Vampiric Draining        Necr           1%         2d6       65%         3
 Animate Dead             Necr           1%         N/A       96%         4
 Fulminant Prism          Conj/Hex       0%         3d5       96%         4
 Borgnjor's Vile Clutch   Necr/Erth      0%         N/A       100%        5
 Death Channel            Necr           0%         N/A       100%        6


Dungeon Overview and Level Annotations

Branches:
Dungeon (6/15)
 Temple: D:4-7

Altars:
Ashenzari


Innate Abilities, Weirdness & Mutations

You are a tree.
Your roots penetrate the ground, keeping you stationary.
You cannot be teleported.
You are immune to unholy pain and torment.
Your maximum health is greatly increased.
Your equipment is partially melded.
((You are very nimble when in or above water. (Stealth+, EV+, Speed+++)))
((Your lower body shifts to a powerful aquatic tail in water.))
You are somewhat resistant to further mutation.
You are robust. (+10% HP)
Your muscles are strong. (Str +4, Int/Dex -1)


Message History

The shadow imp hits you but does no damage.
You hit the shadow imp.
The shadow imp is moderately wounded.
The hound bites you but does no damage.
You smack the shadow imp!
You kill the shadow imp!
The hound bites you but does no damage.
Your Dodging skill increases to level 5!
You smack the hound!
The hound is almost dead.
The hound bites you.
* * * LOW HITPOINT WARNING * * *
You pummel the hound!!
You kill the hound!
The centaur shoots an arrow.
The arrow hits you but does no damage.
You hear an angry hiss.
You smack the iguana!
The iguana is almost dead.
The iguana bites you.
* * * LOW HITPOINT WARNING * * *
An iguana comes into view.
You barely miss the iguana.
The iguana is almost dead.
It was a potion of degeneration.
There was something very wrong with that liquid.
You feel weakened.
You feel dopey.
You feel clumsy. The iguana bites you.
* * * LOW HITPOINT WARNING * * *
It was a potion of mutation.
You feel extremely strange.
You feel stronger.
You feel robust.
You feel genetically stable.
The iguana bites you but does no damage.
You smack the iguana!
The iguana is heavily wounded.
The iguana bites you.
* * * LOW HITPOINT WARNING * * *
The iguana barely misses you.
You smack the iguana!
You kill the iguana!
The iguana bites you.
You die...

###. ..#.#
#.#.########
##+##.#.........
#...♣l..........
#...#†##........
#...#c..........
#...####........
#...####$..##.##
##............#
#....<..c.....#
#...........$##
#....J.......#


You could see a centaur and an iguana.

Vanquished Creatures
  An ogre (D:4)
  Blork the orc (D:4)
  A phantom (D:4)
  2 scorpions (D:4)
  A gnoll sergeant (D:5)
  2 howler monkeys
  A jelly (D:5)
  6 hounds
  6 iguanas
  Natasha (D:2)
  3 orc wizards (D:5)
  4 gnolls
  6 adders
  2 shadow imps
  An ufetubus (D:5)
  A worm (D:2)
  6 dart slugs
  12 orcs
  3 bats
  6 endoplasms
  A giant cockroach (D:2)
  5 goblins (D:4)
  7 hobgoblins
  9 jackals
  4 kobolds
  3 quokkas
  4 ball pythons
  3 rats (D:1)
102 creatures vanquished.

Notes
Turn   | Place    | Note
-------+----------+-------------------------------------------
     0 | D:1      | Leeroy the Merfolk Transmuter began the quest for the Orb.
     0 | D:1      | Reached XP level 1. HP: 15/15 MP: 3/3
   167 | D:1      | Reached XP level 2. HP: 17/21 MP: 5/5
   325 | D:1      | Reached skill level 4 in Unarmed Combat
   755 | D:2      | Reached XP level 3. HP: 25/26 MP: 6/6
   781 | D:2      | Learned a level 3 spell: Spider Form
   924 | D:2      | Reached skill level 5 in Unarmed Combat
  1038 | D:2      | Noticed Natasha
  1048 | D:2      | Killed Natasha
  1049 | D:2      | Reached XP level 4. HP: 32/32 MP: 3/7
  1148 | D:2      | You fall into a shaft and drop 2 floors!
  1208 | D:4      | Reached XP level 5. HP: 31/37 MP: 4/8
  1291 | D:4      | Found a broken altar of Ashenzari.
  1318 | D:4      | Reached skill level 6 in Unarmed Combat
  1320 | D:4      | HP: 3/82 [poisoned by a scorpion]
  1322 | D:4      | HP: 1/55 [poisoned by a scorpion]
  1420 | D:4      | Learned a level 4 spell: Ice Form
  1498 | D:4      | Noticed a phantom
  1506 | D:4      | Killed a phantom
  1507 | D:4      | Reached XP level 6. HP: 38/43 MP: 5/9
  1586 | D:4      | Reached skill level 7 in Unarmed Combat
  1818 | D:4      | Reached XP level 7. HP: 48/48 MP: 6/10
  1914 | D:4      | Reached skill level 1 in Ice Magic
  2210 | D:4      | Learned a level 2 spell: Wereblood
  2323 | D:4      | Reached skill level 8 in Unarmed Combat
  2533 | D:5      | Entered Level 5 of the Dungeon
  2533 | D:5      | Noticed a two-headed ogre
  3006 | D:5      | Noticed Blork the orc
  3029 | D:4      | Killed Blork the orc
  3353 | D:5      | Reached skill level 9 in Unarmed Combat
  3399 | D:5      | Reached XP level 8. HP: 49/54 MP: 11/11
  4224 | D:6      | Reached skill level 5 in Dodging
  4229 | D:6      | Gained mutation: Your muscles are strong. (Str +4, Int/Dex
                  | -1) [potion of mutation]
  4229 | D:6      | Gained mutation: You are robust. (+10% HP) [potion of
                  | mutation]
  4229 | D:6      | Gained mutation: You are somewhat resistant to further
                  | mutation. [potion of mutation]
  4230 | D:6      | HP: 3/88 [iguana (3)]
  4231 | D:6      | Slain by an iguana

Illustrated notes

Levels and vault maps discovered:
D:1:      minmay_arrival_doors, layout_loops_ring, chequers_mini_garden
D:2:      layout_basic, uniq_crazy_yiuf_cottage, uniq_natasha
D:4:      layout_basic, mainiacjoe_overflow_cross_hatched, minmay_joined_circles
D:5:      layout_rooms, uniq_blork_the_orc
D:6:      minmay_recursive_quarters, layout_basic, gup_sewer_entry_glass

Skill      XL: |  1  2  3  4  5  6  7  8 |
---------------+-------------------------+-----
Unarmed Combat | 4 5 6 7 9 |  9.8
Transmutations | 3 4 |  4.6
Ice Magic      | 1 |  1.0
Dodging        | 4 5 |  5.1
Fighting       | |  1.1
Spellcasting   | |  2.0

Action                   |  1- 3 |  4- 6 |  7- 9 || total
-------------------------+-------+-------+-------++-------
Melee: Unarmed           |   119 |    78 |   144 ||   341
       Punch             |     3 |     2 |       ||     5
 Cast: Spider Form       |     3 |     8 |     9 ||    20
       Ice Form          |       |       |     1 ||     1
       Wereblood         |       |       |     2 ||     2
  Use: Potion            |       |     3 |     4 ||     7
 Stab: Sleeping          |     2 |       |       ||     2
       Distracted        |       |     1 |       ||     1
Armor: Robe              |    21 |     3 |    10 ||    34
       Skin              |     1 |     3 |    16 ||    20
Dodge: Dodged            |    73 |    45 |   108 ||   226

Table legend: (Time is in decaauts)
 A = Elapsed time spent in this place.
 B = Non-inter-level travel time spent in this place.
 C = Inter-level travel time spent in this place.
 D = Time resting spent in this place.
 E = Time spent auto-exploring this place.
 F = Levels seen in this place.
 G = Mean time per level.
                   A        B        C        D        E       F      G
               +--------+--------+--------+--------+--------+-----+--------+
         Total |   4202 |   3918 |    284 |    976 |   2103 |   5 |  840.4 |
       Dungeon |   4202 |   3918 |    284 |    976 |   2103 |   5 |  840.4 |
               +--------+--------+--------+--------+--------+-----+--------+

Top non-repeatable levels by time:
     D:4: 2541 daAuts
     D:1: 706 daAuts
     D:5: 506 daAuts
     D:2: 430 daAuts
     D:6: 16 daAuts
